 Dungeon Crawl Stone Soup version 0.29.0-4-gdea44cf6ec (webtiles) character file.

Game seed: 1182510622266964173

43638 qw the Severer (level 14, -4/111 HPs)
             Began as a Formicid Cinder Acolyte on Sept 4, 2022.
             Was a Believer of Okawaru.
             Shot with an arrow by a centaur warrior (13 damage)
             ... on level 13 of the Dungeon.
             The game lasted 00:06:57 (23178 turns).

qw the Severer (Formicid Cinder Acolyte)           Turns: 23178, Time: 00:06:58

Health: -4/111     AC: 26    Str: 19    XL:     14   Next: 61%
Magic:  15/16      EV:  8    Int: 15    God:    Okawaru [**....]
Gold:   874        SH: 19    Dex:  9    Spells: 15/15 levels left

rFire   . . .      SeeInvis +   p - +6 executioner's axe (venom)
rCold   + . .      Faith    .   g - +0 tower shield
rNeg    + . .      Spirit   .   s - +0 plate armour
rPois   +          Reflect  .   (helmet unavailable)
rElec   .          Harm     .   (no cloak)
rCorr   .          Rampage  .   b - +5 pair of gloves of Paranoia {rPois rN+ Str-4}
Will    +++..                   d - +1 pair of boots
Stlth   ..........              h - amulet of regeneration
HPRegen 1.08/turn               f - ring of protection from cold
MPRegen 0.15/turn               l - ring of willpower

@: heroic
A: permanent stasis, dig shafts and tunnels, antennae 3, four strong arms,
strong-willed 1, mutation resistance 1
a: Dig, Shaft Self, Renounce Religion, Heroism


You were on level 13 of the Dungeon.
You worshipped Okawaru.
Okawaru was pleased with you.
You visited 2 branches of the dungeon, and saw 20 of its levels.

You collected 956 gold pieces.
You spent 82 gold pieces at shops.


Innate Abilities, Weirdness & Mutations

You cannot be hasted, slowed, berserked, paralysed or teleported.
You can dig through walls and to a lower floor.
You have a pair of large antennae on your head. (SInv)
Your four strong arms can wield two-handed weapons with a shield.
You are strong-willed. (Will+)
You are somewhat resistant to further mutation.


   Skills:
 - Level 10.4(15.4) Fighting
 - Level 16.0(21.0) Axes
 - Level 6.3(11.3) Throwing
 - Level 10.0(15.0) Armour
 - Level 2.8(7.8) Dodging
 + Level 14.5(19.5) Shields
 - Level 1.1 Spellcasting
 - Level 3.0 Fire Magic
 + Level 3.7 Invocations


You had 15 spell levels left.
You didn't know any spells.
Your spell library contained the following spells:

 Spells                   Type           Power      Damage    Failure   Level
 Scorch                   Fire           18%        2d6       94%         2

Inventory:

Hand Weapons
 m - a +0 morningstar
 p - a +6 executioner's axe of venom (weapon)
Armour
 b - the +5 pair of gloves of Paranoia (worn) {rPois rN+ Str-4}
   (You found it on level 4 of the Dungeon)

   Str:       It affects your strength (-4).
   rPois:     It protects you from poison.
   rN:        It protects you from negative energy.
 d - a +1 pair of boots (worn)
 g - a +0 tower shield (worn)
 s - a +0 plate armour (worn)
Jewellery
 f - a ring of protection from cold (left hand)
 h - an amulet of regeneration (around neck)
 l - a ring of willpower (right hand)
 n - a ring of fire
 o - a ring of poison resistance
 Y - the ring "Neferi" {rF+ rC- MP+9 Str+3 Int+6}
   (You found it on level 2 of the Lair of Beasts)

   [ring of intelligence]

   Str:       It affects your strength (+3).
   Int:       It affects your intelligence (+6).
   rF:        It protects you from fire.
   rC:        It makes you vulnerable to cold.
   MP:        It affects your magic capacity (+9).
Scrolls
 c - 13 scrolls of identify
Potions
 a - 2 potions of mutation
 e - a potion of haste
 j - 7 potions of curing
 k - a potion of cancellation
 q - a potion of might

Dungeon Overview and Level Annotations

Branches:
Dungeon (15/15)            Temple (0/1) D:4            Lair (5/5) D:11
 Shoals (0/4) Lair:2        Snake (0/4) Lair:2        Slime (0/5) Lair:4
    Orc (0/2) D:9
 Vaults: D:13-14     Depths: D:15

Altars:
Cheibriados
Gozag
Kikubaaqudgha
Makhleb
Okawaru
Sif Muna
Vehumet
Xom
Yredelemnul
Jiyva

Shops:
D:2 ?   D:6 [   D:9 (

Annotations:
D:2 1 runed translucent door, Crazy Yiuf
Lair:1 1 runed translucent door, qw's ghost, journeyman TrCA


Message History

The slime creature hits you but does no damage.
A centaur comes into view.
The centaur shouts!
You slash the slime creature!
You kill the slime creature!
Okawaru accepts your kill.
You slice the slime creature!!
The slime creature looks as sick as possible!
You hit the slime creature.
The slime creature looks even sicker.
The centaur shoots an arrow.
You block the arrow.
A centaur comes into view.
The slime creature hits you but does no damage.
The centaur wields a +0 shortbow.
The centaur shoots an arrow.
The arrow hits you. You block the slime creature's attack.
You slice the slime creature!!
You kill the slime creature!
Okawaru accepts your kill.
You slash the centaur! You slash the slime creature!
You kill the slime creature!
Okawaru accepts your kill.
A centaur comes into view.
The centaur warrior shoots an arrow.
You block the arrow.
The centaur warrior shoots an arrow.
You block the arrow.
The centaur unwields a +0 shortbow.
The centaur closely misses you.
The centaur kicks you but does no damage.
The centaur warrior shoots an arrow.
The arrow hits you!!
The centaur wields a +0 shortbow.
The centaur shoots an arrow.
You block the arrow.
The centaur shoots an arrow.
The arrow hits you but does no damage.
The centaur wields a +0 shortbow.
The centaur shoots an arrow.
The arrow hits you.
The centaur warrior shoots an arrow.
The arrow hits you. The arrow burns you.
The centaur warrior shoots an arrow.
The arrow barely misses you. The centaur hits you.
You block the centaur's attack.
You slice the centaur!!
You kill the centaur!
Okawaru accepts your kill.
The centaur shoots an arrow.
You block the arrow.
The centaur warrior shoots an arrow.
You block the arrow.
The centaur warrior shoots an arrow.
The arrow hits you!
You die...

#..............
#........ccc....
#...........c...
#......c........
#.........c.....
................
..........$.....
.......@........
########cc......
#....9...
#c.......
.........
........^
..........
#.........
#.......>.


You could see 3 centaur warriors, a gargoyle and 6 centaurs.

Vanquished Creatures
  2 hydras
  A boulder beetle (Lair:5)
  4 catoblepae (Lair:5)
  2 two-headed ogres
  2 centaur warriors
  7 death yaks (Lair:5)
  3 skeletal warriors (D:12)
  2 cyclopes
  3 manticores
  4 black mambas
  A merfolk siren (Lair:2)
  5 elephants
  2 torpor snails
  A cane toad (shapeshifter) (D:13)
  7 cane toads
  2 rime drakes
  An unseen horror (D:12)
  6 komodo dragons
  A merfolk (Lair:2)
  3 trolls
  5 slime creatures
  Grinder (D:3)
  5 blink frogs (Lair:3)
  A shadow (D:10)
  A wraith (D:11)
  54 yaks
  7 wyverns
  4 steam dragons
  13 fire elementals
  A hog (shapeshifter) (D:15)
  4 basilisks
  2 acid dragons
  19 water moccasins
  4 ice beasts
  2 orc warriors
  3 black bears
  2 ogres
  6 wolves
  3 phantoms
  10 centaurs
  4 kobold brigands
  A necrophage (D:6)
  A gnoll sergeant (D:7)
  10 bullfrogs
  14 wights
  5 killer bees (D:9)
  2 electric eels (Lair:5)
  9 howler monkeys
  3 hounds
  2 jellies
  2 gnoll boudas
  7 orc priests
  4 iguanas (D:5)
  8 orc wizards
  Robin (D:2)
  15 gnolls
  8 adders
  A shadow imp (D:7)
  4 white imps
  2 ufetubi (D:5)
  A worm (D:4)
  3 dart slugs
  31 orcs
  4 bat zombies (D:5)
  11 endoplasms
  2 giant cockroaches
  17 goblins
  12 hobgoblins
  10 jackals
  29 kobolds
  5 quokkas
  7 ball pythons
  4 bats
  4 rats
  A rat zombie (D:5)
  2 bushes (D:14)
452 creatures vanquished.

Vanquished Creatures (others)
  A slime creature (D:14)
  A bush (D:14)
  15 fungi
  23 plants
40 creatures vanquished.

Grand Total: 492 creatures vanquished

Notes
Turn   | Place    | Note
-------+----------+-------------------------------------------
     0 | D:1      | qw the Formicid Cinder Acolyte began the quest for the Orb.
     0 | D:1      | Reached XP level 1. HP: 18/18 MP: 2/2
     0 | D:1      | 0 ||| qw: Version: 0.1-a-103-gd6f5d3a
     0 | D:1      | 0 ||| qw: Game counter: 5452
     0 | D:1      | 0 ||| qw: Always use a shield: true
     0 | D:1      | 0 ||| qw: God list: Okawaru
     0 | D:1      | 0 ||| qw: Allow faded altars: false
     0 | D:1      | 0 ||| qw: Do Orc after D:15 true
     0 | D:1      | 0 ||| qw: Do second Lair branch before Depths: true
     0 | D:1      | 0 ||| qw: Lair rune preference: random
     0 | D:1      | 0 ||| qw: Plans: Normal
     0 | D:1      | 0 ||| PLANNING D:1-11
    33 | D:1      | 33 ||| Stepping ~*~*~tactically~*~*~ (stealth).
    38 | D:1      | 38 ||| INVOKING Fiery Armour.
    40 | D:1      | Reached XP level 2. HP: 11/24 MP: 3/3
   243 | D:1      | 243 ||| INVOKING Fiery Armour.
   545 | D:1      | 545 ||| Stepping ~*~*~tactically~*~*~ (stealth).
   546 | D:1      | 546 ||| Stepping ~*~*~tactically~*~*~ (stealth).
   598 | D:1      | 598 ||| Stepping ~*~*~tactically~*~*~ (stealth).
   756 | D:1      | 756 ||| Stepping ~*~*~tactically~*~*~ (hiding).
   862 | D:1      | Reached skill level 4 in Axes
   862 | D:1      | Reached XP level 3. HP: 27/29 MP: 4/4
   930 | D:1      | 930 ||| Stepping ~*~*~tactically~*~*~ (stealth).
   941 | D:1      | 941 ||| INVOKING Fiery Armour.
   941 | D:1      | HP: 5/29 [quokka (4)]
  1308 | D:1      | Reached skill level 1 in Dodging
  1339 | D:1      | 1339 ||| Stepping ~*~*~tactically~*~*~ (stealth).
  1481 | D:1      | 1481 ||| Stepping ~*~*~tactically~*~*~ (stealth).
  1485 | D:1      | 1485 ||| Stepping ~*~*~tactically~*~*~ (stealth).
  1652 | D:1      | 1652 ||| UPGRADING to +0 ring mail.
  1662 | D:1      | 1662 ||| DROPPING +0 robe.
  1663 | D:1      | 1663 ||| READING scroll labelled EMIBRIMIAR.
  1664 | D:1      | 1664 ||| READING scroll labelled QIROT SUXAOREU.
  1664 | D:1      | Identified a scroll of acquirement
  1664 | D:1      | 1664 ||| ACQUIRING +1 executioner's axe of flaming
  1664 | D:1      | Acquired a +1 executioner's axe of flaming
  1666 | D:1      | 1666 ||| SWAPPING to +1 executioner's axe of flaming.
  1667 | D:1      | 1667 ||| DROPPING -1 hand axe of flaming.
  1668 | D:1      | 1668 ||| READING scroll labelled FOEHOG ROWKEOS.
  1669 | D:1      | 1669 ||| READING scroll labelled XIUVAIT UMUTA.
  1670 | D:1      | 1670 ||| Stepping randomly (stuck).
  1671 | D:1      | 1671 ||| Stepping ~*~*~tactically~*~*~ (cloud).
  1674 | D:1      | HP: 7/29 [poisoned by you (poison gas)]
  1678 | D:1      | HP: 3/29 [poisoned by you (poison gas)]
  1680 | D:1      | HP: 1/29 [poisoned by you (poison gas)]
  2108 | D:2      | Noticed Robin
  2109 | D:2      | 2109 ||| Stepping ~*~*~tactically~*~*~ (hiding).
  2111 | D:2      | 2111 ||| Stepping ~*~*~tactically~*~*~ (hiding).
  2114 | D:2      | 2114 ||| Stepping ~*~*~tactically~*~*~ (hiding).
  2117 | D:2      | Reached skill level 1 in Armour
  2119 | D:2      | Killed Robin
  2120 | D:2      | Reached XP level 4. HP: 32/35 MP: 5/5
  2123 | D:2      | 2123 ||| INVOKING Fiery Armour.
  2337 | D:2      | Found a runed translucent door.
  2338 | D:2      | Noticed Crazy Yiuf
  2419 | D:2      | Found Syatos's Magic Scroll Emporium.
  2426 | D:2      | 2426 ||| SHOPLISTING scroll of acquirement (572 gold, have
                  | 99).
  2426 | D:2      | 2426 ||| BUYING scroll of enchant weapon (82 gold).
  2426 | D:2      | Bought a scroll of enchant weapon for 82 gold pieces
  2426 | D:2      | 2426 ||| SHOPLISTING scroll of enchant weapon (82 gold,
                  | have 17).
  2426 | D:2      | 2426 ||| SHOPLISTING scroll of identify (22 gold, have 17).
  2426 | D:2      | 2426 ||| READING scroll of enchant weapon.
  2426 | D:2      | 2426 ||| ENCHANTING +1 executioner's axe of flaming.
  2704 | D:2      | 2704 ||| READING 3 scrolls labelled FECUAZ ULEUM.
  2705 | D:2      | 2705 ||| DROPPING 2 scrolls of fear.
  2775 | D:3      | 2775 ||| Stepping ~*~*~tactically~*~*~ (stealth).
  2889 | D:3      | 2889 ||| FLEEEEING.
  2896 | D:3      | 2896 ||| FLEEEEING.
  2909 | D:3      | 2909 ||| Stepping ~*~*~tactically~*~*~ (hiding).
  2946 | D:3      | 2946 ||| Stepping ~*~*~tactically~*~*~ (hiding).
  3228 | D:3      | Reached XP level 5. HP: 40/41 MP: 6/6
  3242 | D:3      | 3242 ||| Stepping ~*~*~tactically~*~*~ (stealth).
  3245 | D:3      | 3245 ||| Stepping ~*~*~tactically~*~*~ (stealth).
  3253 | D:3      | Reached skill level 5 in Axes
  3441 | D:3      | 3441 ||| READING scroll of enchant weapon.
  3441 | D:3      | 3441 ||| ENCHANTING +2 executioner's axe of flaming.
  3448 | D:3      | Noticed Grinder
  3449 | D:3      | 3449 ||| Stepping ~*~*~tactically~*~*~ (hiding).
  3450 | D:3      | 3450 ||| Stepping ~*~*~tactically~*~*~ (hiding).
  3456 | D:3      | Killed Grinder
  3457 | D:3      | Reached XP level 6. HP: 27/47 MP: 7/7
  3992 | D:3      | 3992 ||| Stepping ~*~*~tactically~*~*~ (hiding).
  3997 | D:3      | 3997 ||| INVOKING Fiery Armour.
  4328 | D:3      | 4328 ||| READING scroll labelled PAZEEK ETZOSAFFO.
  4329 | D:3      | 4329 ||| DRINKING 2 grey potions.
  4329 | D:3      | Gained mutation: You are somewhat resistant to further
                  | mutation. [potion of mutation]
  4329 | D:3      | Gained mutation: You are strong-willed. (Will+) [potion of
                  | mutation]
  4330 | D:3      | 4330 ||| DRINKING 2 emerald potions.
  4331 | D:3      | 4331 ||| DRINKING 2 fizzy blue potions.
  4355 | D:3      | 4355 ||| READING 2 scrolls of identify.
  4355 | D:3      | 4355 ||| IDENTIFYING yellow potion
  4356 | D:3      | 4356 ||| DROPPING potion of brilliance.
  4357 | D:3      | 4357 ||| DROPPING potion of lignification.
  4450 | D:4      | Reached XP level 7. HP: 52/52 MP: 8/8
  4493 | D:4      | Identified the +5 pair of gloves of Paranoia {rPois rN+
                  | Str-4}
  4505 | D:4      | 4505 ||| Stepping ~*~*~tactically~*~*~ (hiding).
  4513 | D:4      | 4513 ||| INVOKING Fiery Armour.
  4515 | D:4      | Reached skill level 6 in Axes
  4637 | D:4      | 4637 ||| FLEEEEING.
  4729 | D:4      | 4729 ||| Stepping ~*~*~tactically~*~*~ (hiding).
  4733 | D:4      | 4733 ||| Stepping ~*~*~tactically~*~*~ (hiding).
  4743 | D:4      | 4743 ||| FLEEEEING.
  4821 | D:4      | 4821 ||| FLEEEEING.
  4822 | D:4      | 4822 ||| FLEEEEING.
  4823 | D:4      | 4823 ||| FLEEEEING.
  4824 | D:4      | 4824 ||| FLEEEEING.
  4825 | D:4      | 4825 ||| FLEEEEING.
  4826 | D:4      | 4826 ||| FLEEEEING.
  4827 | D:4      | 4827 ||| FLEEEEING.
  4828 | D:4      | 4828 ||| FLEEEEING.
  4829 | D:4      | 4829 ||| FLEEEEING.
  4830 | D:4      | 4830 ||| FLEEEEING.
  4831 | D:4      | 4831 ||| STAIRDANCE
  4879 | D:3      | 4879 ||| UPGRADING to +5 pair of gloves of Paranoia {rPois
                  | rN+ Str-4}.
  5071 | D:4      | Found a staircase to the Ecumenical Temple.
  5087 | D:4      | 5087 ||| Stepping ~*~*~tactically~*~*~ (stealth).
  5089 | D:4      | 5089 ||| Stepping ~*~*~tactically~*~*~ (stealth).
  5150 | D:4      | 5150 ||| Stepping ~*~*~tactically~*~*~ (stealth).
  5375 | D:4      | 5375 ||| DRINKING 2 murky ruby potions.
  5376 | D:4      | 5376 ||| READING 2 scrolls of identify.
  5376 | D:4      | 5376 ||| IDENTIFYING fizzy yellow potion
  5377 | D:4      | 5377 ||| DROPPING potion of attraction.
  5381 | D:5      | Entered Level 5 of the Dungeon
  5408 | D:5      | Noticed a water moccasin
  5416 | D:5      | Killed a water moccasin
  5417 | D:5      | Reached skill level 7 in Axes
  5417 | D:5      | Reached XP level 8. HP: 48/60 MP: 9/9
  5667 | D:5      | 5667 ||| Stepping ~*~*~tactically~*~*~ (stealth).
  5669 | D:5      | 5669 ||| Stepping ~*~*~tactically~*~*~ (stealth).
  5670 | D:5      | 5670 ||| Stepping ~*~*~tactically~*~*~ (stealth).
  5702 | D:5      | Reached skill level 8 in Axes
  6116 | D:5      | 6116 ||| Stepping ~*~*~tactically~*~*~ (hiding).
  6174 | D:5      | 6174 ||| Stepping ~*~*~tactically~*~*~ (stealth).
  6265 | D:5      | Found an ancient bone altar of Kikubaaqudgha.
  6267 | D:5      | 6267 ||| UPGRADING to +2 leather armour of cold resistance.
  6277 | D:5      | 6277 ||| READING scroll labelled BYIKLY DOT CEGH.
  6278 | D:5      | 6278 ||| READING scroll labelled ISIFIA UTE KOT.
  6279 | D:5      | 6279 ||| READING scroll labelled ORAD MELAFANTO.
  6280 | D:5      | 6280 ||| DRINKING 2 fuming grey potions.
  6281 | D:5      | 6281 ||| DRINKING 2 sedimented silvery potions.
  6282 | D:5      | 6282 ||| READING 4 scrolls of identify.
  6282 | D:5      | 6282 ||| IDENTIFYING clear potion
  6283 | D:5      | 6283 ||| DROPPING potion of ambrosia.
  6533 | D:6      | 6533 ||| Stepping ~*~*~tactically~*~*~ (stealth).
  6535 | D:6      | 6535 ||| Stepping ~*~*~tactically~*~*~ (hiding).
  6546 | D:6      | 6546 ||| INVOKING Fiery Armour.
  6704 | D:6      | 6704 ||| DROPPING +0 club.
  6718 | D:6      | Found Xemusu's Antique Armour Emporium.
  6733 | D:6      | Reached skill level 9 in Axes
  6780 | D:6      | Reached XP level 9. HP: 64/68 MP: 10/10
  6974 | D:6      | Reached skill level 6 in Fighting
  6974 | D:6      | 6974 ||| Stepping ~*~*~tactically~*~*~ (hiding).
  6975 | D:6      | 6975 ||| FLEEEEING.
  6976 | D:6      | 6976 ||| FLEEEEING.
  6977 | D:6      | 6977 ||| FLEEEEING.
  7244 | D:6      | 7244 ||| Stepping ~*~*~tactically~*~*~ (stealth).
  7255 | D:6      | Reached skill level 10 in Axes
  7368 | D:6      | 7368 ||| Stepping ~*~*~tactically~*~*~ (stealth).
  7369 | D:6      | 7369 ||| Stepping ~*~*~tactically~*~*~ (stealth).
  7439 | D:6      | 7439 ||| READING 3 scrolls of enchant weapon.
  7439 | D:6      | 7439 ||| ENCHANTING +3 executioner's axe of venom.
  7440 | D:6      | 7440 ||| READING 2 scrolls of enchant weapon.
  7440 | D:6      | 7440 ||| ENCHANTING +4 executioner's axe of venom.
  7441 | D:6      | 7441 ||| READING scroll of enchant weapon.
  7441 | D:6      | 7441 ||| ENCHANTING +5 executioner's axe of venom.
  7717 | D:6      | 7717 ||| UPGRADING to +0 chain mail.
  7727 | D:6      | 7727 ||| DROPPING +0 ring mail.
  7728 | D:6      | 7728 ||| DROPPING +2 leather armour of cold resistance.
  7729 | D:6      | 7729 ||| READING scroll labelled QYNIPTUAMO.
  7730 | D:6      | 7730 ||| READING scroll labelled MAWIEL IREUNIM.
  7927 | D:7      | 7927 ||| INVOKING Fiery Armour.
  7936 | D:7      | Reached XP level 10. HP: 73/79 MP: 11/11
  7941 | D:7      | Reached skill level 3 in Armour
  7964 | D:7      | 7964 ||| DROPPING +0 whip.
  8040 | D:7      | 8040 ||| Stepping ~*~*~tactically~*~*~ (stealth).
  8041 | D:7      | 8041 ||| Stepping ~*~*~tactically~*~*~ (stealth).
  8042 | D:7      | 8042 ||| Stepping ~*~*~tactically~*~*~ (stealth).
  8078 | D:7      | 8078 ||| Stepping ~*~*~tactically~*~*~ (stealth).
  8079 | D:7      | 8079 ||| Stepping ~*~*~tactically~*~*~ (stealth).
  8085 | D:7      | 8085 ||| Stepping ~*~*~tactically~*~*~ (stealth).
  8087 | D:7      | 8087 ||| Stepping ~*~*~tactically~*~*~ (stealth).
  8088 | D:7      | 8088 ||| Stepping ~*~*~tactically~*~*~ (stealth).
  8090 | D:7      | 8090 ||| Stepping ~*~*~tactically~*~*~ (stealth).
  8092 | D:7      | 8092 ||| Stepping ~*~*~tactically~*~*~ (stealth).
  8139 | D:7      | 8139 ||| Stepping ~*~*~tactically~*~*~ (hiding).
  8140 | D:7      | 8140 ||| Stepping ~*~*~tactically~*~*~ (hiding).
  8521 | D:7      | 8521 ||| UPGRADING to +0 kite shield.
  8526 | D:7      | 8526 ||| UPGRADING to amulet of guardian spirit.
  8587 | D:8      | Reached skill level 1 in Shields
  8610 | D:8      | Reached skill level 3 in Shields
  8733 | D:8      | 8733 ||| DROPPING +2 flail of protection.
  8773 | D:8      | 8773 ||| Stepping ~*~*~tactically~*~*~ (stealth).
  8778 | D:8      | Reached skill level 6 in Shields
  8882 | D:8      | 8882 ||| Stepping ~*~*~tactically~*~*~ (stealth).
  8884 | D:8      | 8884 ||| Stepping ~*~*~tactically~*~*~ (stealth).
  8886 | D:8      | 8886 ||| Stepping ~*~*~tactically~*~*~ (stealth).
  8889 | D:8      | 8889 ||| Stepping ~*~*~tactically~*~*~ (stealth).
  8895 | D:8      | 8895 ||| Stepping ~*~*~tactically~*~*~ (stealth).
  8899 | D:8      | 8899 ||| Stepping ~*~*~tactically~*~*~ (stealth).
  8901 | D:8      | 8901 ||| Stepping ~*~*~tactically~*~*~ (stealth).
  8918 | D:8      | 8918 ||| FLEEEEING.
  9081 | D:8      | 9081 ||| Stepping ~*~*~tactically~*~*~ (hiding).
  9090 | D:8      | 9090 ||| Stepping ~*~*~tactically~*~*~ (hiding).
  9112 | D:8      | 9112 ||| Stepping ~*~*~tactically~*~*~ (stealth).
  9148 | D:8      | Reached skill level 9 in Shields
  9176 | D:8      | Found an iron altar of Okawaru.
  9179 | D:8      | Found a shimmering blue altar of Sif Muna.
  9241 | D:8      | 9241 ||| UPGRADING to +0 pair of boots.
  9246 | D:8      | 9246 ||| READING scroll labelled PEULOALAOXT.
  9429 | D:9      | 9429 ||| Stepping ~*~*~tactically~*~*~ (stealth).
  9433 | D:9      | 9433 ||| Stepping ~*~*~tactically~*~*~ (stealth).
  9440 | D:9      | Reached XP level 11. HP: 84/84 MP: 12/12
  9447 | D:9      | Reached skill level 11 in Axes
  9525 | D:9      | 9525 ||| Stepping ~*~*~tactically~*~*~ (hiding).
  9544 | D:9      | Found a staircase to the Orcish Mines.
  9558 | D:9      | 9558 ||| INVOKING Fiery Armour.
  9562 | D:9      | HP: 19/84 [orc priest/divine providence (8)]
  9563 | D:9      | 9563 ||| DRINKING potion of heal wounds.
  9730 | D:9      | Found Onleokut's Antique Weapon Shop.
  9768 | D:9      | 9768 ||| Stepping ~*~*~tactically~*~*~ (stealth).
  9818 | D:9      | 9818 ||| INVOKING Fiery Armour.
 10273 | D:9      | Found a snail-covered altar of Cheibriados.
 10278 | D:9      | Found an opulent altar of Gozag.
 10281 | D:9      | Found a basalt altar of Yredelemnul.
 10549 | D:9      | 10549 ||| UPGRADING to ring of protection from cold.
 10550 | D:9      | 10550 ||| READING 8 scrolls of identify.
 10550 | D:9      | 10550 ||| IDENTIFYING fizzy amethyst potion
 10551 | D:9      | 10551 ||| DROPPING potion of invisibility.
 10555 | D:10     | Entered Level 10 of the Dungeon
 10574 | D:10     | Reached skill level 12 in Axes
 10677 | D:10     | 10677 ||| Stepping ~*~*~tactically~*~*~ (stealth).
 10678 | D:10     | 10678 ||| Stepping ~*~*~tactically~*~*~ (stealth).
 10702 | D:10     | 10702 ||| STAIRDANCE
 10713 | D:9      | 10713 ||| READING scroll labelled JYOC QIDUXI.
 10723 | D:10     | 10723 ||| Stepping ~*~*~tactically~*~*~ (stealth).
 10732 | D:10     | 10732 ||| Stepping ~*~*~tactically~*~*~ (stealth).
 10757 | D:10     | 10757 ||| Stepping ~*~*~tactically~*~*~ (stealth).
 10769 | D:10     | Found a flagged portal.
 10854 | D:10     | 10854 ||| Stepping ~*~*~tactically~*~*~ (hiding).
 11172 | D:10     | Found a radiant altar of Vehumet.
 11172 | D:10     | Found a shimmering altar of Xom.
 11172 | D:10     | Found a burning altar of Makhleb.
 11241 | D:10     | 11241 ||| Stepping ~*~*~tactically~*~*~ (hiding).
 11249 | D:10     | Reached skill level 6 in Armour
 11343 | D:10     | 11343 ||| DROPPING ring of flight.
 11532 | D:11     | Noticed a manticore
 11533 | D:11     | 11533 ||| Stepping ~*~*~tactically~*~*~ (hiding).
 11541 | D:11     | Killed a manticore
 11636 | D:11     | 11636 ||| Stepping ~*~*~tactically~*~*~ (hiding).
 11638 | D:11     | 11638 ||| Stepping ~*~*~tactically~*~*~ (stealth).
 11923 | D:11     | Found a staircase to the Lair.
 12215 | D:11     | 12215 ||| PLANNING LAIR
 12215 | D:11     | 12215 ||| READING 2 scrolls labelled GEKLEL ATUSE.
 12216 | D:11     | 12216 ||| READING scroll of enchant armour.
 12216 | D:11     | 12216 ||| ENCHANTING +0 pair of boots.
 12217 | D:11     | 12217 ||| READING 10 scrolls of identify.
 12217 | D:11     | 12217 ||| IDENTIFYING murky green potion
 12218 | D:11     | 12218 ||| DROPPING potion of degeneration.
 12286 | Lair:1   | Entered Level 1 of the Lair of Beasts
 12312 | Lair:1   | Found a runed translucent door.
 12312 | Lair:1   | Found a shimmering altar of Xom.
 12312 | Lair:1   | Noticed a +1 trident of chaos
 12312 | Lair:1   | Noticed qw's ghost (journeyman TrCA)
 12572 | Lair:1   | Reached XP level 12. HP: 87/93 MP: 11/13
 12676 | Lair:1   | Noticed an eight-headed hydra
 12677 | Lair:1   | 12677 ||| INVOKING Fiery Armour.
 12678 | Lair:1   | 12678 ||| SWAPPING to +0 morningstar.
 12683 | Lair:1   | Killed an eight-headed hydra
 12684 | Lair:1   | Reached skill level 13 in Axes
 12684 | Lair:1   | 12684 ||| SWAPPING to +6 executioner's axe of venom.
 13235 | Lair:1   | 13235 ||| READING scroll labelled XOONUD SOUSCH.
 13256 | Lair:2   | 13256 ||| Stepping ~*~*~tactically~*~*~ (stealth).
 13260 | Lair:2   | 13260 ||| Stepping ~*~*~tactically~*~*~ (hiding).
 13261 | Lair:2   | 13261 ||| Stepping ~*~*~tactically~*~*~ (hiding).
 13591 | Lair:2   | 13591 ||| Stepping ~*~*~tactically~*~*~ (stealth).
 13811 | Lair:2   | Found a staircase to the Snake Pit.
 13822 | Lair:2   | 13822 ||| Stepping ~*~*~tactically~*~*~ (stealth).
 13831 | Lair:2   | Reached skill level 9 in Fighting
 14326 | Lair:2   | Found a staircase to the Shoals.
 14561 | Lair:2   | Identified the ring "Neferi" {rF+ rC- MP+9 Str+3 Int+6}
 14795 | Lair:2   | 14795 ||| DROPPING ring of wizardry.
 14796 | Lair:2   | 14796 ||| UPGRADING to ring "Neferi" {rF+ rC- MP+9 Str+3
                  | Int+6}.
 14847 | Lair:2   | 14847 ||| DRINKING 2 black potions.
 14848 | Lair:2   | 14848 ||| DROPPING potion of flight.
 14865 | Lair:3   | 14865 ||| Stepping ~*~*~tactically~*~*~ (stealth).
 14871 | Lair:3   | 14871 ||| Stepping ~*~*~tactically~*~*~ (stealth).
 14923 | Lair:3   | 14923 ||| Stepping ~*~*~tactically~*~*~ (stealth).
 14924 | Lair:3   | 14924 ||| Stepping ~*~*~tactically~*~*~ (stealth).
 15084 | Lair:3   | 15084 ||| Stepping ~*~*~tactically~*~*~ (hiding).
 15180 | Lair:3   | 15180 ||| INVOKING Fiery Armour.
 15190 | Lair:3   | Reached skill level 14 in Axes
 15965 | Lair:4   | 15965 ||| STAIRDANCE
 15971 | Lair:3   | Reached skill level 12 in Shields
 15984 | Lair:4   | 15984 ||| STAIRDANCE
 16001 | Lair:4   | Reached XP level 13. HP: 75/101 MP: 14/14
 16001 | Lair:4   | 16001 ||| STAIRDANCE
 16139 | Lair:4   | Found a staircase to the Slime Pits.
 16139 | Lair:4   | Found a viscous altar of Jiyva.
 16209 | Lair:4   | Noticed an eight-headed hydra
 16210 | Lair:4   | 16210 ||| INVOKING Fiery Armour.
 16213 | Lair:4   | 16213 ||| SWAPPING to +0 morningstar.
 16216 | Lair:4   | Killed an eight-headed hydra
 16217 | Lair:4   | 16217 ||| SWAPPING to +6 executioner's axe of venom.
 16469 | Lair:4   | 16469 ||| PLANNING CONVERSION TO OKAWARU
 16602 | D:8      | 16602 ||| PLANNING D:1-11
 16602 | D:8      | 16602 ||| UPGRADING to ring of willpower.
 16645 | D:7      | 16645 ||| Stepping randomly (stuck).
 16646 | D:7      | 16646 ||| PLANNING LAIR
 16867 | Lair:4   | 16867 ||| Stepping ~*~*~tactically~*~*~ (stealth).
 16869 | Lair:4   | 16869 ||| Stepping ~*~*~tactically~*~*~ (stealth).
 16871 | Lair:4   | 16871 ||| Stepping ~*~*~tactically~*~*~ (stealth).
 16880 | Lair:4   | 16880 ||| Stepping ~*~*~tactically~*~*~ (stealth).
 16881 | Lair:4   | 16881 ||| Stepping ~*~*~tactically~*~*~ (stealth).
 16882 | Lair:4   | 16882 ||| Stepping ~*~*~tactically~*~*~ (stealth).
 16883 | Lair:4   | 16883 ||| Stepping ~*~*~tactically~*~*~ (stealth).
 17523 | Lair:4   | 17523 ||| Stepping ~*~*~tactically~*~*~ (stealth).
 17524 | Lair:4   | 17524 ||| Stepping ~*~*~tactically~*~*~ (stealth).
 17589 | Lair:4   | 17589 ||| Stepping ~*~*~tactically~*~*~ (stealth).
 17591 | Lair:4   | 17591 ||| Stepping ~*~*~tactically~*~*~ (stealth).
 17832 | Lair:5   | Entered Level 5 of the Lair of Beasts
 17835 | Lair:5   | 17835 ||| STAIRDANCE
 17843 | Lair:5   | 17843 ||| STAIRDANCE
 17850 | Lair:4   | Reached skill level 15 in Axes
 17891 | Lair:5   | HP: 22/103 [barbs]
 18201 | Lair:5   | Noticed a catoblepas
 18202 | Lair:5   | 18202 ||| Stepping ~*~*~tactically~*~*~ (hiding).
 18209 | Lair:5   | 18209 ||| Stepping ~*~*~tactically~*~*~ (cloud).
 18212 | Lair:5   | 18212 ||| Stepping ~*~*~tactically~*~*~ (cloud).
 18213 | Lair:5   | 18213 ||| Stepping ~*~*~tactically~*~*~ (cloud).
 18214 | Lair:5   | Killed a catoblepas
 18341 | Lair:5   | Noticed a boulder beetle
 18364 | Lair:5   | Killed a boulder beetle
 18476 | Lair:5   | Identified the +2 ring mail of Delicate the Good {Str+4
                  | Int+4}
 18586 | Lair:5   | 18586 ||| Stepping ~*~*~tactically~*~*~ (stealth).
 18597 | Lair:5   | HP: 21/103 [electric eel/bolt of electricity (9)]
 19046 | Lair:5   | 19046 ||| Stepping ~*~*~tactically~*~*~ (stealth).
 19157 | Lair:5   | Noticed a catoblepas
 19158 | Lair:5   | 19158 ||| Stepping ~*~*~tactically~*~*~ (cloud).
 19162 | Lair:5   | 19162 ||| Stepping ~*~*~tactically~*~*~ (hiding).
 19173 | Lair:5   | Killed a catoblepas
 19174 | Lair:5   | Reached skill level 6 in Throwing
 19774 | Lair:5   | Reached skill level 16 in Axes
 19775 | Lair:5   | 19775 ||| FLEEEEING.
 19776 | Lair:5   | 19776 ||| FLEEEEING.
 19777 | Lair:5   | 19777 ||| FLEEEEING.
 19778 | Lair:5   | 19778 ||| FLEEEEING.
 19779 | Lair:5   | 19779 ||| FLEEEEING.
 19780 | Lair:5   | 19780 ||| FLEEEEING.
 19781 | Lair:5   | 19781 ||| FLEEEEING.
 19785 | Lair:5   | 19785 ||| FLEEEEING.
 19786 | Lair:5   | 19786 ||| FLEEEEING.
 19787 | Lair:5   | 19787 ||| FLEEEEING.
 19788 | Lair:5   | 19788 ||| FLEEEEING.
 19789 | Lair:5   | 19789 ||| FLEEEEING.
 19790 | Lair:5   | 19790 ||| FLEEEEING.
 19791 | Lair:5   | 19791 ||| FLEEEEING.
 19792 | Lair:5   | 19792 ||| FLEEEEING.
 19793 | Lair:5   | 19793 ||| FLEEEEING.
 19794 | Lair:5   | 19794 ||| FLEEEEING.
 19795 | Lair:5   | 19795 ||| STAIRDANCE
 19939 | Lair:4   | 19939 ||| DROPPING +2 ring mail of Delicate the Good {Str+4
                  | Int+4}.
 19940 | Lair:4   | 19940 ||| UPGRADING to +0 plate armour.
 19950 | Lair:4   | 19950 ||| DROPPING +0 chain mail.
 19951 | Lair:4   | 19951 ||| READING 15 scrolls of identify.
 19951 | Lair:4   | 19951 ||| IDENTIFYING glowing white potion
 19952 | Lair:4   | 19952 ||| READING 14 scrolls of identify.
 19952 | Lair:4   | 19952 ||| IDENTIFYING viscous yellow potion
 19953 | Lair:4   | 19953 ||| DROPPING potion of magic.
 19979 | Lair:5   | 19979 ||| Stepping ~*~*~tactically~*~*~ (stealth).
 19987 | Lair:5   | 19987 ||| Stepping ~*~*~tactically~*~*~ (stealth).
 19990 | Lair:5   | 19990 ||| Stepping ~*~*~tactically~*~*~ (stealth).
 20000 | Lair:5   | Reached XP level 14. HP: 71/110 MP: 10/15
 20002 | Lair:5   | HP: 17/110 [death yak (17)]
 20009 | Lair:5   | Reached skill level 9 in Armour
 20028 | Lair:5   | 20028 ||| FLEEEEING.
 20029 | Lair:5   | 20029 ||| FLEEEEING.
 20373 | Lair:5   | 20373 ||| Stepping ~*~*~tactically~*~*~ (cloud).
 20377 | Lair:5   | 20377 ||| Stepping ~*~*~tactically~*~*~ (hiding).
 20380 | Lair:5   | 20380 ||| Stepping ~*~*~tactically~*~*~ (cloud).
 20895 | Lair:5   | 20895 ||| Stepping ~*~*~tactically~*~*~ (cloud).
 20896 | Lair:5   | 20896 ||| Stepping ~*~*~tactically~*~*~ (cloud).
 20897 | Lair:5   | 20897 ||| Stepping ~*~*~tactically~*~*~ (cloud).
 20903 | Lair:5   | 20903 ||| Stepping ~*~*~tactically~*~*~ (cloud).
 21276 | Lair:5   | 21276 ||| PLANNING D:1-11
 21276 | Lair:5   | 21276 ||| UPGRADING to +0 tower shield.
 21286 | Lair:5   | 21286 ||| DROPPING +0 kite shield.
 21415 | D:8      | 21415 ||| Stepping randomly (stuck).
 21416 | D:8      | 21416 ||| PLANNING CONVERSION TO OKAWARU
 21457 | D:8      | Fell from the grace of Ignis
 21457 | D:8      | Became a worshipper of Warmaster Okawaru
 21458 | D:8      | 21458 ||| PLANNING D:1-11
 21458 | D:8      | 21458 ||| REMOVING amulet of guardian spirit.
 21463 | D:8      | 21463 ||| DROPPING amulet of guardian spirit.
 21505 | D:7      | 21505 ||| Stepping randomly (stuck).
 21523 | D:9      | 21523 ||| Stepping randomly (stuck).
 21524 | D:9      | 21524 ||| PLANNING D
 21611 | D:12     | 21611 ||| Stepping ~*~*~tactically~*~*~ (hiding).
 21618 | D:12     | 21618 ||| Stepping ~*~*~tactically~*~*~ (stealth).
 21619 | D:12     | 21619 ||| Stepping ~*~*~tactically~*~*~ (stealth).
 21941 | D:12     | HP: 19/111 [skeletal warrior/+0 battleaxe (12)]
 21942 | D:12     | HP: 4/111 [skeletal warrior/+0 battleaxe (15)]
 22051 | D:12     | You fall into a shaft and drop 1 floor!
 22172 | D:13     | 22172 ||| Stepping ~*~*~tactically~*~*~ (stealth).
 22195 | D:13     | HP: 26/111 [fire elemental[the fiery vengeance of Ignis]
                  | (4)]
 22552 | D:13     | 22552 ||| Stepping ~*~*~tactically~*~*~ (stealth).
 22557 | D:13     | Reached * piety under Okawaru
 22558 | D:13     | 22558 ||| INVOKING Heroism.
 22564 | D:13     | Reached skill level 1 in Invocations
 22691 | D:13     | You fall into a shaft and drop 2 floors!
 22691 | D:15     | Entered Level 15 of the Dungeon
 22737 | D:15     | 22737 ||| Stepping ~*~*~tactically~*~*~ (hiding).
 22740 | D:15     | 22740 ||| INVOKING Heroism.
 22745 | D:15     | 22745 ||| Stepping ~*~*~tactically~*~*~ (hiding).
 22935 | D:15     | 22935 ||| INVOKING Heroism.
 23082 | D:15     | 23082 ||| DROPPING scarf of shadows.
 23083 | D:15     | 23083 ||| UPGRADING to amulet of regeneration.
 23121 | D:14     | Was forgiven by Ignis
 23129 | D:14     | Reached skill level 3 in Invocations
 23168 | D:13     | 23168 ||| INVOKING Heroism.
 23176 | D:13     | Reached ** piety under Okawaru
 23177 | D:13     | HP: 16/111 [centaur warrior/arrow (18)]
 23178 | D:13     | Shot with an arrow by a centaur warrior

Levels and vault maps discovered:
D:1:      ncdulo_lavacross, layout_basic
D:2:      layout_rooms, serial_shops, shop, uniq_robin, uniq_crazy_yiuf_cottage
D:3:      kennysheep_six_static_rooms, layout_loops_cross, uniq_grinder
D:4:      layout_basic, minmay_temple_entry_offerings,
          minmay_fractal_squares_diagonal_5
D:5:      layout_loops_cross, lemuel_zombie_altar_kikubaaqudgha
D:6:      layout_loops_cross, serial_shops, kennysheep_mini_moat, minivault_25
D:7:      layout_rooms
D:8:      layout_gridville, minitemple
D:9:      layout_long_grid, minmay_overflow_temple_star_quad,
          minmay_orc_entry_temple_small, serial_shops, shop
D:10:     layout_loops_ring, gammafunk_temple_overflow_claw, enter_bailey_2,
          grunt_ministairs_1
D:11:     layout_stronghold, lair_entry_dummy
D:12:     layout_loops_corners
D:13:     layout_small_grid, minmay_mirror_moons_of_madness
D:14:     layout_roguey [special_room_mythical_zoo], david_vaults_3,
          minmay_hedge_maze, bh_walls_and_bars
D:15:     grunt_enter_depths_snipers, layout_basic,
          nicolae_wu_jian_immortal_techniques
Lair:1:   layout_chaotic_city, ebering_ghost_xom
Lair:2:   layout_concentric_octagons, elwin_shoals_entry_rooms,
          minmay_snake_entry_six_corridors
Lair:3:   layout_regular_city
Lair:4:   layout_long_grid, slime_entry_1
Lair:5:   evilmike_catoblepas_cave, layout_regular_city, serial_bayou_shore_a,
          lemuel_fruit_tree

Skill      XL: |  1  2  3  4  5  6  7  8  9 10 11 12 13 14 |
---------------+-------------------------------------------+-----
Axes           | 4 5 7 9 10 12 14 16 | 16.0
Dodging        | 1 2 |  2.8
Armour         | 1 2 5 6 7 8 10 | 10.0
Throwing       | 4 5 6 |  6.3
Fighting       | 4 5 7 8 9 10 | 10.4
Shields        | 9 11 12 14 | 14.5
Invocations    | 3 |  3.7
Spellcasting   | |  1.1
Fire Magic     | |  3.0

Action                   |  1- 3 |  4- 6 |  7- 9 | 10-12 | 13-15 || total
-------------------------+-------+-------+-------+-------+-------++-------
Melee: Hand axe          |    66 |       |       |       |       ||    66
       Executioner's axe |    20 |    82 |   229 |   400 |   316 ||  1047
       Punch             |       |     1 |     2 |       |       ||     3
       Morningstar       |       |       |       |     4 |     2 ||     6
Throw: Javelin           |       |     8 |     9 |    26 |    12 ||    55
Invok: Fiery Armour      |     3 |     2 |     3 |     4 |     1 ||    13
       Heroism           |       |       |       |       |     4 ||     4
  Use: Scroll            |     4 |     5 |    10 |     7 |     2 ||    28
       Potion            |       |     3 |     3 |     2 |       ||     8
Armor: Robe              |    10 |       |       |       |       ||    10
       Ring mail         |    12 |    40 |   100 |       |       ||   152
       Leather armour    |       |       |    45 |       |       ||    45
       Chain mail        |       |       |    11 |   211 |    76 ||   298
       Plate armour      |       |       |       |       |    81 ||    81
Dodge: Dodged            |    44 |    59 |   165 |   132 |    83 ||   483
Block: Kite shield       |       |       |       |   229 |   113 ||   342
       Tower shield      |       |       |       |       |   115 ||   115

Table legend:
 A = Non-vault XP
 B = Vault XP
 C = Vault XP percentage of total XP
 D = Non-vault monster count
 E = Vault monster count
 F = Vault count percentage of total count
                 A         B        C        D         E       F
            +---------+---------+-------+---------+---------+-------
      Total |   46986 |   15470 |  24.8 |     365 |      73 |  16.7
            +---------+---------+-------+---------+---------+-------
        D:1 |      52 |       0 |   0.0 |      31 |       0 |   0.0
        D:2 |      16 |      34 |  68.0 |       9 |      11 |  55.0
        D:3 |      71 |     280 |  79.8 |      21 |       7 |  25.0
        D:4 |     307 |       7 |   2.2 |      23 |       4 |  14.8
        D:5 |     712 |       9 |   1.2 |      16 |       5 |  23.8
        D:6 |    2214 |       0 |   0.0 |      23 |       0 |   0.0
        D:7 |     817 |       0 |   0.0 |      28 |       0 |   0.0
        D:8 |    2652 |       0 |   0.0 |      33 |       0 |   0.0
        D:9 |    4194 |     131 |   3.0 |      46 |       8 |  14.8
       D:10 |    1017 |     204 |  16.7 |      13 |       2 |  13.3
       D:11 |    2022 |       0 |   0.0 |       9 |       0 |   0.0
       D:12 |    3643 |       0 |   0.0 |       9 |       0 |   0.0
       D:13 |    3239 |       0 |   0.0 |       8 |       0 |   0.0
       D:14 |    1003 |       0 |   0.0 |       3 |       0 |   0.0
       D:15 |    2068 |       0 |   0.0 |       7 |       0 |   0.0
     Lair:1 |    2366 |       0 |   0.0 |       7 |       0 |   0.0
     Lair:2 |    1588 |    3337 |  67.8 |       8 |      13 |  61.9
     Lair:3 |    4697 |       0 |   0.0 |      21 |       0 |   0.0
     Lair:4 |    6137 |       0 |   0.0 |      24 |       0 |   0.0
     Lair:5 |    8171 |   11468 |  58.4 |      26 |      23 |  46.9
            +---------+---------+-------+---------+---------+-------
